[ AOE2 MATCH · #458059091 ]
Team RMBohemians vs Jurchens
[ REPLAY ANALYSIS · EXTRACTED FROM THE RECORDED GAME ]
Feudal
10:13
Castle
15:14
Imperial
29:28
| APM avg | 30.1 |
| APM peak | 77 |
| eAPM avg | 12.4 |
| Villagers / military | 107 / 160 |
Focus
⚔️ 29.8% · 🌾 70.2%
Hand Cannoneer ×111 · Spearman ×25 · Bombard Cannon ×17 · Trade Cart ×7 · Hussite Wagon ×4 · Monk ×2
Feudal
11:37
Castle
17:17
Imperial
29:04
| APM avg | 30.5 |
| APM peak | 67 |
| eAPM avg | 16.2 |
| Villagers / military | 200 / 152 |
Focus
⚔️ 35.4% · 🌾 64.6%
Knight ×126 · Trebuchet (Packed) ×8 · Battering Ram ×7 · Scout Cavalry ×6 · Monk ×5 · Trade Cart ×3
Feudal
11:24
Castle
17:01
Imperial
30:29
| APM avg | 24.9 |
| APM peak | 66 |
| eAPM avg | 13.8 |
| Villagers / military | 116 / 92 |
Focus
⚔️ 34.0% · 🌾 66.0%
Unknown (2550) ×295 · Spearman ×56 · Skirmisher ×35 · Unknown (2579) ×20 · Monk ×1
Feudal
11:03
Castle
15:41
Imperial
36:05
| APM avg | 38.2 |
| APM peak | 115 |
| eAPM avg | 19.1 |
| Villagers / military | 127 / 209 |
Focus
⚔️ 17.5% · 🌾 82.5%
Steppe Lancer ×127 · Skirmisher ×82 · Unknown (1908) ×2
Feudal
11:11
Castle
15:35
Imperial
29:27
| APM avg | 24.4 |
| APM peak | 79 |
| eAPM avg | 16.1 |
| Villagers / military | 135 / 212 |
Focus
⚔️ 22.4% · 🌾 77.6%
Hand Cannoneer ×125 · Knight ×74 · Trade Cart ×16 · Bombard Cannon ×11 · Monk ×2
Feudal
10:37
Castle
14:16
Imperial
28:17
| APM avg | 31.5 |
| APM peak | 85 |
| eAPM avg | 20.1 |
| Villagers / military | 146 / 475 |
Focus
⚔️ 42.6% · 🌾 57.4%
Spearman ×268 · Samurai ×199 · Trebuchet (Packed) ×6 · Monk ×1 · Mangonel ×1
Feudal
12:25
Castle
22:07
Imperial
39:26
| APM avg | 47.4 |
| APM peak | 76 |
| eAPM avg | 28.7 |
| Villagers / military | 112 / 136 |
Focus
⚔️ 18.6% · 🌾 81.4%
Archer ×74 · Genoese Crossbowman ×35 · Spearman ×21 · Bombard Cannon ×4 · Trebuchet (Packed) ×2
Feudal
10:12
Castle
16:41
Imperial
29:36
| APM avg | 48.1 |
| APM peak | 125 |
| eAPM avg | 26.0 |
| Villagers / military | 129 / 233 |
Focus
⚔️ 29.4% · 🌾 70.6%
Genitour ×175 · Camel Archer ×47 · Hand Cannoneer ×5 · Trebuchet (Packed) ×3 · Mangonel ×2 · Skirmisher ×1
Match map
Resources at game start + every placement click. Thick line = wall · dashed box = detected house wall. 🟡 gold · ⚪ stone · 🟢 berries · 🔶 boar · ⭕ relic
Inputs per minute
— HorkTheLegend - - SheepofLegend
Build order — HorkTheLegend
First 150 of 324 actions detected
| 0:01 | Create | Villager (Male) ×4 |
| 0:03 | Build | House |
| 0:04 | Build | House |
| 1:25 | Create | Villager (Male) |
| 1:25 | Create | Villager (Male) |
| 1:53 | Build | Lumber Camp |
| 1:59 | Create | Villager (Male) |
| 1:59 | Create | Villager (Male) |
| 2:16 | Create | Villager (Male) |
| 2:16 | Create | Villager (Male) |
| 2:44 | Create | Villager (Male) |
| 2:44 | Create | Villager (Male) |
| 2:59 | Create | Villager (Male) |
| 2:59 | Create | Villager (Male) |
| 3:27 | Build | House |
| 3:43 | Create | Villager (Male) |
| 3:43 | Create | Villager (Male) |
| 3:50 | Build | Mill |
| 4:12 | Create | Villager (Male) |
| 4:23 | Create | Villager (Male) |
| 4:23 | Create | Villager (Male) |
| 4:45 | Create | Villager (Male) |
| 4:45 | Create | Villager (Male) |
| 5:14 | Create | Villager (Male) |
| 5:38 | Create | Villager (Male) |
| 5:57 | Create | Villager (Male) |
| 6:02 | Build | House |
| 6:59 | Create | Villager (Male) |
| 7:10 | Build | Mining Camp |
| 7:33 | Create | Villager (Male) |
| 8:03 | Research | Feudal Age |
| 8:03 | Research | Feudal Age |
| 8:35 | Create | Villager (Male) |
| 8:38 | Create | Villager (Male) |
| 8:45 | Build | Farm |
| 9:50 | Build | Farm |
| 9:53 | Build | Farm |
| 10:13 | Age | Feudal Age |
| 10:15 | Build | Market |
| 10:19 | Build | Blacksmith |
| 10:51 | Research | Loom |
| 11:44 | Build | Mining Camp |
| 12:34 | Research | Castle Age |
| 13:24 | Build | Farm |
| 13:30 | Build | House |
| 13:32 | Build | House |
| 13:47 | Build | Farm |
| 13:52 | Research | Double-Bit Axe |
| 14:07 | Create | Villager (Male) |
| 14:08 | Create | Villager (Male) |
| 15:14 | Age | Castle Age |
| 15:34 | Build | Castle |
| 15:38 | Research | Fletching |
| 15:41 | Research | Bow Saw |
| 15:43 | Create | Villager (Male) |
| 16:21 | Create | Villager (Male) |
| 16:30 | Create | Villager (Male) |
| 16:42 | Build | House |
| 16:43 | Build | House |
| 17:03 | Research | Wheelbarrow |
| 17:21 | Create | Villager (Male) |
| 17:22 | Create | Villager (Male) |
| 17:31 | Create | Hussite Wagon |
| 17:31 | Create | Hussite Wagon |
| 18:05 | Build | Farm |
| 18:16 | Create | Hussite Wagon |
| 19:02 | Create | Villager (Male) |
| 19:04 | Build | Farm |
| 19:39 | Create | Villager (Male) |
| 19:57 | Create | Villager (Male) |
| 20:04 | Build | Monastery |
| 20:09 | Build | Siege Workshop |
| 20:12 | Create | Hussite Wagon |
| 20:19 | Create | Villager (Male) |
| 20:27 | Build | Farm |
| 20:50 | Create | Villager (Male) |
| 21:02 | Create | Villager (Male) |
| 21:16 | Build | Town Center |
| 21:33 | Create | Monk |
| 21:58 | Create | Villager (Male) |
| 21:58 | Create | Villager (Male) |
| 22:04 | Build | House |
| 22:05 | Build | House |
| 22:06 | Build | House |
| 22:20 | Build | Lumber Camp |
| 22:33 | Create | Villager (Male) |
| 22:59 | Create | Villager (Male) |
| 23:05 | Create | Villager (Male) |
| 23:05 | Create | Villager (Male) |
| 23:07 | Build | Farm |
| 23:10 | Build | Farm |
| 23:14 | Build | Farm |
| 23:16 | Build | Farm |
| 23:28 | Create | Monk |
| 23:37 | Build | House |
| 23:42 | Create | Villager (Male) |
| 23:43 | Create | Villager (Male) |
| 23:46 | Build | Farm |
| 24:06 | Create | Villager (Male) |
| 24:11 | Build | Farm |
| 24:17 | Build | Farm |
| 24:17 | Build | Farm |
| 24:18 | Build | Farm |
| 24:18 | Build | Farm |
| 24:24 | Build | House |
| 24:25 | Build | House |
| 24:34 | Create | Mangonel |
| 24:37 | Create | Villager (Male) |
| 24:42 | Build | Farm |
| 24:45 | Build | Farm |
| 24:47 | Create | Villager (Male) |
| 24:50 | Create | Villager (Male) |
| 24:55 | Build | Farm |
| 25:01 | Build | Farm |
| 25:11 | Create | Villager (Male) |
| 25:33 | Build | House |
| 25:34 | Build | House |
| 25:44 | Create | Villager (Male) |
| 25:54 | Create | Villager (Male) |
| 25:56 | Create | Villager (Male) |
| 26:18 | Research | Imperial Age |
| 26:20 | Create | Villager (Male) |
| 26:20 | Create | Villager (Male) |
| 26:28 | Build | House |
| 26:35 | Build | Barracks |
| 26:49 | Create | Villager (Male) |
| 26:53 | Build | University |
| 26:56 | Create | Villager (Male) |
| 26:58 | Create | Villager (Male) |
| 27:01 | Build | House |
| 27:35 | Build | House |
| 27:38 | Build | House |
| 27:39 | Build | House |
| 27:44 | Research | Scale Mail Armor |
| 27:44 | Research | Forging |
| 27:57 | Create | Villager (Male) |
| 28:10 | Create | Villager (Male) |
| 28:11 | Create | Villager (Male) |
| 28:12 | Create | Villager (Male) |
| 28:15 | Build | Lumber Camp |
| 28:26 | Build | Mining Camp |
| 28:30 | Build | Archery Range |
| 28:34 | Research | Chemistry |
| 28:41 | Create | Villager (Male) |
| 28:42 | Create | Villager (Male) |
| 28:52 | Build | Farm |
| 28:53 | Build | Farm |
| 28:53 | Build | Farm |
| 28:53 | Build | Farm |
| 28:53 | Build | Farm |
Build order — SheepofLegend
First 150 of 323 actions detected
| 0:02 | Create | Villager (Male) |
| 0:02 | Create | Villager (Male) |
| 0:02 | Create | Villager (Male) |
| 0:16 | Create | Villager (Male) |
| 0:16 | Create | Villager (Male) |
| 1:04 | Build | Lumber Camp |
| 1:16 | Create | Villager (Male) |
| 1:16 | Create | Villager (Male) |
| 1:40 | Create | Villager (Male) |
| 2:04 | Create | Villager (Male) |
| 2:38 | Create | Villager (Male) |
| 3:15 | Create | Villager (Male) |
| 3:55 | Create | Villager (Male) |
| 3:55 | Create | Villager (Male) |
| 4:23 | Create | Villager (Male) |
| 4:41 | Create | Villager (Male) |
| 5:05 | Build | Mill |
| 5:17 | Create | Villager (Male) |
| 5:17 | Create | Villager (Male) |
| 5:43 | Create | Villager (Male) |
| 6:00 | Build | Lumber Camp |
| 6:04 | Create | Villager (Male) |
| 6:28 | Create | Villager (Male) |
| 6:28 | Create | Villager (Male) |
| 6:54 | Create | Villager (Male) |
| 7:07 | Create | Villager (Male) |
| 7:29 | Build | Farm |
| 7:32 | Build | Farm |
| 7:44 | Create | Villager (Male) |
| 7:54 | Create | Villager (Male) |
| 8:01 | Build | Farm |
| 9:27 | Research | Feudal Age |
| 10:05 | Build | Farm |
| 10:42 | Build | Mining Camp |
| 10:47 | Create | Villager (Male) |
| 11:03 | Build | Farm |
| 11:37 | Age | Feudal Age |
| 11:40 | Research | Double-Bit Axe |
| 11:49 | Build | Farm |
| 11:57 | Build | Farm |
| 12:01 | Create | Villager (Male) |
| 12:02 | Create | Villager (Male) |
| 12:10 | Build | Market |
| 12:22 | Build | Blacksmith |
| 12:28 | Create | Villager (Male) |
| 12:29 | Create | Villager (Male) |
| 12:41 | Build | Farm |
| 12:41 | Build | Farm |
| 13:07 | Create | Villager (Male) |
| 13:12 | Create | Villager (Male) |
| 13:15 | Build | Farm |
| 13:15 | Build | Farm |
| 13:15 | Build | Farm |
| 13:38 | Create | Villager (Male) |
| 14:37 | Research | Castle Age |
| 15:19 | Build | Barracks |
| 15:30 | Build | Barracks |
| 15:44 | Research | Loom |
| 15:49 | Research | Horse Collar |
| 16:22 | Build | Farm |
| 16:23 | Build | Farm |
| 16:31 | Build | Farm |
| 16:50 | Build | Stable |
| 17:09 | Create | Villager (Male) |
| 17:09 | Create | Villager (Male) |
| 17:17 | Age | Castle Age |
| 17:22 | Build | Town Center |
| 17:47 | Research | Bow Saw |
| 17:50 | Create | Scout Cavalry |
| 17:51 | Create | Scout Cavalry |
| 17:55 | Create | Knight |
| 17:56 | Create | Knight |
| 18:02 | Create | Villager (Male) |
| 18:08 | Build | Farm |
| 18:28 | Create | Villager (Male) |
| 18:33 | Create | Villager (Male) |
| 18:43 | Build | Town Center |
| 19:06 | Create | Knight |
| 19:25 | Create | Villager (Male) |
| 19:25 | Create | Villager (Male) |
| 19:25 | Create | Villager (Male) |
| 19:25 | Create | Villager (Male) |
| 19:52 | Create | Villager (Male) ×5 |
| 19:58 | Create | Villager (Male) |
| 19:59 | Create | Villager (Male) |
| 20:00 | Build | Farm |
| 20:01 | Build | Farm |
| 20:01 | Build | Farm |
| 20:01 | Build | Farm |
| 20:08 | Create | Villager (Male) |
| 20:12 | Build | Farm |
| 20:12 | Build | Farm |
| 20:13 | Build | Farm |
| 20:15 | Create | Villager (Male) |
| 20:18 | Build | Farm |
| 20:23 | Build | Farm |
| 20:24 | Research | Heavy Plow |
| 20:27 | Create | Villager (Male) |
| 20:27 | Create | Villager (Male) |
| 20:42 | Build | Farm |
| 20:42 | Build | Farm |
| 20:42 | Build | Farm |
| 20:46 | Create | Villager (Male) |
| 20:47 | Build | Farm |
| 20:51 | Create | Villager (Male) |
| 21:03 | Build | Lumber Camp |
| 21:25 | Create | Villager (Male) |
| 21:30 | Research | Wheelbarrow |
| 21:36 | Build | Farm |
| 21:42 | Create | Villager (Male) |
| 21:55 | Create | Villager (Male) |
| 21:56 | Create | Villager (Male) |
| 22:01 | Create | Villager (Male) |
| 22:02 | Create | Villager (Male) |
| 22:06 | Build | Mining Camp |
| 22:16 | Build | University |
| 22:30 | Create | Villager (Male) |
| 22:30 | Create | Villager (Male) |
| 22:39 | Create | Villager (Male) |
| 22:41 | Create | Villager (Male) |
| 23:01 | Create | Villager (Male) |
| 23:12 | Research | Scale Barding Armor |
| 23:14 | Build | Farm |
| 23:15 | Build | Farm |
| 23:20 | Build | Mill |
| 23:21 | Build | Farm |
| 23:21 | Build | Farm |
| 23:22 | Build | Farm |
| 23:22 | Build | Farm |
| 23:22 | Build | Farm |
| 23:37 | Create | Villager (Male) |
| 23:48 | Research | Gold Mining |
| 24:14 | Research | Light Cavalry (upgrade) |
| 24:16 | Create | Scout Cavalry |
| 24:16 | Create | Scout Cavalry |
| 24:21 | Build | Farm |
| 24:24 | Create | Villager (Male) ×5 |
| 24:41 | Create | Villager (Male) |
| 24:42 | Create | Villager (Male) |
| 25:09 | Build | Monastery |
| 25:54 | Research | Imperial Age |
| 26:01 | Create | Villager (Male) |
| 26:02 | Create | Villager (Male) |
| 26:02 | Create | Villager (Male) |
| 26:04 | Create | Scout Cavalry |
| 26:04 | Create | Scout Cavalry |
| 26:14 | Create | Villager (Male) |
| 26:24 | Build | Stable |
| 26:40 | Research | Bloodlines |
| 26:46 | Create | Villager (Male) |
Build order — Crackhörnchen
First 150 of 396 actions detected
| 0:02 | Create | Villager (Male) |
| 0:02 | Create | Villager (Male) |
| 0:02 | Create | Villager (Male) |
| 0:02 | Create | Villager (Male) |
| 0:03 | Build | House |
| 0:05 | Build | House |
| 1:14 | Create | Villager (Male) |
| 1:30 | Create | Villager (Male) |
| 2:15 | Create | Villager (Male) |
| 2:39 | Build | House |
| 2:56 | Create | Villager (Male) |
| 2:57 | Create | Villager (Male) |
| 3:14 | Build | Settlement |
| 3:17 | Build | House |
| 3:18 | Create | Villager (Male) |
| 3:44 | Build | House |
| 3:49 | Create | Villager (Male) |
| 3:49 | Create | Villager (Male) |
| 4:02 | Create | Villager (Male) |
| 4:32 | Create | Villager (Male) |
| 4:35 | Create | Villager (Male) |
| 5:01 | Create | Villager (Male) |
| 5:01 | Create | Villager (Male) |
| 5:33 | Create | Villager (Male) |
| 5:34 | Create | Villager (Male) |
| 5:53 | Create | Villager (Male) |
| 6:35 | Create | Villager (Male) |
| 6:35 | Create | Villager (Male) |
| 7:49 | Create | Villager (Male) |
| 7:49 | Create | Villager (Male) |
| 8:14 | Build | Settlement |
| 8:20 | Create | Villager (Male) |
| 8:55 | Research | Feudal Age |
| 9:33 | Create | Villager (Male) |
| 9:34 | Create | Villager (Male) |
| 9:34 | Create | Villager (Male) |
| 10:00 | Build | Farm |
| 10:02 | Build | Farm |
| 10:06 | Build | Farm |
| 10:10 | Build | Farm |
| 10:17 | Build | Farm |
| 10:24 | Create | Villager (Male) |
| 11:24 | Age | Feudal Age |
| 12:09 | Build | Market |
| 12:19 | Build | Farm |
| 12:23 | Build | Farm |
| 12:27 | Build | Farm |
| 12:31 | Build | Farm |
| 12:34 | Build | Farm |
| 12:43 | Build | Blacksmith |
| 12:53 | Build | Farm |
| 12:57 | Build | Farm |
| 14:18 | Build | House |
| 14:21 | Research | Castle Age |
| 14:32 | Build | Barracks |
| 14:57 | Create | Villager (Male) |
| 15:31 | Research | Double-Bit Axe |
| 15:34 | Research | Horse Collar |
| 15:50 | Build | Barracks |
| 16:00 | Build | Barracks |
| 16:34 | Create | Villager (Male) |
| 17:01 | Age | Castle Age |
| 17:06 | Build | Town Center |
| 17:22 | Create | Unit 2550 |
| 17:23 | Create | Unit 2550 |
| 17:30 | Research | Tech 1402 |
| 17:39 | Research | Forging |
| 17:43 | Create | Villager (Male) |
| 18:11 | Build | Town Center |
| 18:14 | Create | Villager (Male) |
| 19:07 | Create | Villager (Male) |
| 19:08 | Create | Villager (Male) |
| 19:12 | Build | Farm |
| 19:13 | Build | Farm |
| 19:47 | Create | Unit 2550 |
| 19:47 | Create | Unit 2550 |
| 19:50 | Create | Villager (Male) |
| 19:50 | Create | Villager (Male) |
| 19:52 | Build | Farm |
| 19:54 | Build | House |
| 19:55 | Build | House |
| 19:56 | Build | House |
| 20:13 | Create | Villager (Male) |
| 20:13 | Create | Villager (Male) |
| 20:15 | Create | Villager (Male) |
| 20:15 | Create | Villager (Male) |
| 20:16 | Create | Villager (Male) |
| 20:16 | Create | Villager (Male) |
| 20:29 | Build | Farm |
| 20:32 | Build | Farm |
| 20:34 | Build | Farm |
| 20:35 | Create | Villager (Male) |
| 20:36 | Create | Villager (Male) |
| 20:40 | Build | House |
| 20:52 | Create | Unit 2550 |
| 20:52 | Create | Unit 2550 |
| 20:52 | Create | Unit 2550 |
| 21:04 | Build | Farm |
| 21:05 | Build | Farm |
| 21:08 | Build | Farm |
| 21:11 | Build | Farm |
| 21:13 | Create | Villager (Male) |
| 21:13 | Create | Villager (Male) |
| 21:16 | Build | Farm |
| 21:22 | Build | Farm |
| 21:24 | Create | Villager (Male) |
| 21:24 | Create | Villager (Male) |
| 22:20 | Build | Farm |
| 22:22 | Build | Farm |
| 22:25 | Create | Villager (Male) |
| 22:25 | Create | Villager (Male) |
| 22:37 | Build | House |
| 22:39 | Build | House |
| 22:41 | Build | House |
| 22:42 | Build | House |
| 22:44 | Build | House |
| 22:45 | Build | House |
| 22:46 | Build | House |
| 22:47 | Build | House |
| 22:51 | Create | Villager (Male) |
| 22:51 | Create | Villager (Male) |
| 23:04 | Build | Farm |
| 23:06 | Build | Farm |
| 23:11 | Create | Villager (Male) |
| 23:11 | Create | Villager (Male) |
| 23:27 | Create | Villager (Male) |
| 23:28 | Create | Villager (Male) |
| 23:28 | Create | Villager (Male) |
| 24:02 | Build | Barracks |
| 24:09 | Build | Farm |
| 24:11 | Create | Villager (Male) |
| 24:11 | Create | Villager (Male) |
| 24:14 | Build | Farm |
| 24:17 | Create | Villager (Male) |
| 24:42 | Create | Villager (Male) |
| 24:42 | Create | Villager (Male) |
| 24:43 | Create | Villager (Male) |
| 24:43 | Create | Villager (Male) |
| 25:00 | Build | Monastery |
| 25:14 | Research | Loom |
| 25:21 | Create | Villager (Male) |
| 25:30 | Build | University |
| 25:46 | Create | Villager (Male) |
| 25:55 | Build | Farm |
| 26:09 | Build | Farm |
| 26:22 | Build | Farm |
| 26:34 | Build | House |
| 26:35 | Build | House |
| 26:35 | Build | House |
| 26:36 | Build | House |
Build order — KillerTomate
First 150 of 346 actions detected
| 0:02 | Create | Villager (Male) |
| 0:03 | Build | House |
| 0:04 | Create | Villager (Male) |
| 0:05 | Build | House |
| 0:30 | Create | Villager (Male) |
| 0:30 | Create | Villager (Male) |
| 1:35 | Create | Villager (Male) |
| 1:35 | Create | Villager (Male) |
| 1:38 | Create | Villager (Male) |
| 1:38 | Create | Villager (Male) |
| 1:46 | Build | Lumber Camp |
| 2:21 | Create | Villager (Male) |
| 2:37 | Create | Villager (Male) |
| 3:12 | Create | Villager (Male) |
| 3:12 | Create | Villager (Male) |
| 3:23 | Create | Villager (Male) |
| 3:27 | Build | House |
| 3:59 | Build | Mill |
| 4:06 | Build | Mill |
| 4:09 | Create | Villager (Male) |
| 4:37 | Create | Villager (Male) |
| 4:49 | Create | Villager (Male) |
| 4:50 | Create | Villager (Male) |
| 5:21 | Create | Villager (Male) |
| 5:21 | Create | Villager (Male) |
| 5:55 | Build | House |
| 5:57 | Create | Villager (Male) |
| 5:57 | Create | Villager (Male) |
| 6:34 | Build | House |
| 6:41 | Create | Villager (Male) |
| 6:41 | Create | Villager (Male) |
| 7:00 | Create | Villager (Male) |
| 7:45 | Build | Mining Camp |
| 7:47 | Create | Villager (Male) |
| 7:47 | Create | Villager (Male) |
| 8:53 | Research | Feudal Age |
| 9:47 | Create | Villager (Male) |
| 9:47 | Create | Villager (Male) |
| 10:10 | Build | Farm |
| 10:18 | Build | Farm |
| 10:23 | Build | Farm |
| 10:30 | Build | Farm |
| 10:35 | Build | Farm |
| 10:36 | Build | Farm |
| 10:51 | Build | Farm |
| 11:03 | Age | Feudal Age |
| 11:11 | Build | Blacksmith |
| 11:25 | Create | Villager (Male) |
| 11:49 | Build | Market |
| 12:13 | Research | Loom |
| 12:58 | Build | Farm |
| 13:01 | Research | Castle Age |
| 13:01 | Research | Castle Age |
| 13:18 | Build | Mining Camp |
| 13:26 | Create | Villager (Male) |
| 13:26 | Create | Villager (Male) |
| 13:51 | Build | House |
| 15:41 | Age | Castle Age |
| 15:57 | Create | Villager (Male) |
| 15:57 | Create | Villager (Male) |
| 16:09 | Build | House |
| 16:13 | Create | Villager (Male) |
| 16:14 | Create | Villager (Male) |
| 16:51 | Build | Castle |
| 17:55 | Build | Palisade Wall |
| 17:57 | Build | Palisade Wall |
| 18:43 | Create | Villager (Male) |
| 18:43 | Create | Villager (Male) |
| 18:44 | Create | Villager (Male) |
| 18:44 | Create | Villager (Male) |
| 18:44 | Create | Villager (Male) |
| 19:17 | Create | Villager (Male) |
| 20:09 | Create | Villager (Male) |
| 20:10 | Create | Villager (Male) |
| 20:22 | Build | Town Center |
| 20:26 | Create | Villager (Male) |
| 20:29 | Research | Double-Bit Axe |
| 20:33 | Research | Horse Collar |
| 20:55 | Build | Barracks |
| 21:00 | Create | Villager (Male) |
| 21:16 | Build | Farm |
| 21:17 | Build | Farm |
| 21:20 | Build | Farm |
| 21:23 | Build | Farm |
| 21:43 | Create | Unit 1908 |
| 22:25 | Build | Stable |
| 22:32 | Create | Villager (Male) |
| 22:39 | Create | Villager (Male) |
| 22:40 | Create | Villager (Male) |
| 22:50 | Create | Villager (Male) |
| 22:55 | Build | Farm |
| 23:04 | Create | Unit 1908 |
| 23:12 | Build | Mining Camp |
| 23:30 | Create | Villager (Male) |
| 23:37 | Build | Farm |
| 23:42 | Build | Farm |
| 23:43 | Create | Villager (Male) |
| 24:11 | Create | Villager (Male) |
| 24:12 | Create | Villager (Male) |
| 24:35 | Create | Villager (Male) |
| 24:35 | Create | Villager (Male) |
| 24:41 | Build | Farm |
| 24:55 | Build | Farm |
| 24:57 | Create | Villager (Male) |
| 24:58 | Create | Villager (Male) |
| 24:58 | Create | Villager (Male) |
| 25:07 | Build | Farm |
| 25:21 | Build | Town Center |
| 25:32 | Build | Town Center |
| 25:40 | Create | Villager (Male) |
| 25:41 | Create | Villager (Male) |
| 25:49 | Create | Steppe Lancer ×2 |
| 26:00 | Create | Villager (Male) |
| 26:28 | Create | Steppe Lancer ×2 |
| 26:38 | Create | Villager (Male) |
| 26:46 | Create | Villager (Male) |
| 26:51 | Create | Villager (Male) |
| 27:03 | Build | Mining Camp |
| 27:04 | Create | Villager (Male) |
| 27:05 | Create | Villager (Male) |
| 27:20 | Create | Steppe Lancer |
| 27:23 | Create | Villager (Male) |
| 27:26 | Build | Farm |
| 27:34 | Create | Villager (Male) |
| 27:41 | Build | Farm |
| 27:49 | Create | Villager (Male) |
| 27:59 | Build | Farm |
| 28:08 | Build | Farm |
| 28:12 | Build | Farm |
| 28:15 | Create | Villager (Male) |
| 28:25 | Research | Husbandry |
| 28:26 | Research | Bloodlines |
| 28:35 | Build | Farm |
| 28:39 | Build | Farm |
| 28:40 | Create | Villager (Male) |
| 28:41 | Create | Villager (Male) |
| 28:44 | Build | Lumber Camp |
| 28:45 | Create | Villager (Male) |
| 28:45 | Create | Villager (Male) |
| 28:54 | Build | Farm |
| 28:59 | Research | Bow Saw |
| 29:16 | Create | Villager (Male) |
| 29:16 | Create | Villager (Male) |
| 29:19 | Create | Villager (Male) |
| 29:20 | Create | Villager (Male) |
| 29:24 | Create | Villager (Male) |
| 29:29 | Build | Farm |
| 29:32 | Build | Farm |
| 29:37 | Create | Villager (Male) |
| 29:38 | Create | Villager (Male) |
Build order — Oatmeal_Helmet
First 150 of 356 actions detected
| 0:01 | Create | Villager (Male) |
| 0:02 | Create | Villager (Male) |
| 0:02 | Create | Villager (Male) |
| 0:02 | Create | Villager (Male) |
| 0:03 | Build | House |
| 0:08 | Build | House |
| 1:30 | Create | Villager (Male) |
| 2:05 | Create | Villager (Male) |
| 2:10 | Build | Mill |
| 2:29 | Create | Villager (Male) |
| 2:47 | Create | Villager (Male) |
| 3:02 | Build | House |
| 3:12 | Create | Villager (Male) |
| 3:34 | Create | Villager (Male) |
| 4:10 | Create | Villager (Male) |
| 4:19 | Create | Villager (Male) |
| 5:15 | Create | Villager (Male) |
| 5:15 | Create | Villager (Male) |
| 5:45 | Build | House |
| 5:49 | Create | Villager (Male) |
| 6:10 | Create | Villager (Male) |
| 6:17 | Build | House |
| 6:50 | Create | Villager (Male) |
| 7:10 | Create | Villager (Male) |
| 7:16 | Build | Mining Camp |
| 7:39 | Create | Villager (Male) |
| 7:54 | Create | Villager (Male) |
| 8:11 | Create | Villager (Male) |
| 8:44 | Build | Mill |
| 9:01 | Research | Feudal Age |
| 9:26 | Build | Lumber Camp |
| 10:27 | Create | Villager (Male) |
| 10:31 | Create | Villager (Male) |
| 10:50 | Build | House |
| 11:11 | Age | Feudal Age |
| 11:18 | Build | Market |
| 11:46 | Research | Double-Bit Axe |
| 11:53 | Build | House |
| 12:02 | Create | Villager (Male) |
| 12:15 | Build | Blacksmith |
| 12:30 | Research | Loom |
| 12:49 | Research | Castle Age |
| 12:57 | Build | Mining Camp |
| 13:23 | Build | Farm |
| 13:48 | Build | Lumber Camp |
| 14:29 | Create | Villager (Male) |
| 15:33 | Create | Villager (Male) |
| 15:35 | Age | Castle Age |
| 15:39 | Build | Town Center |
| 15:45 | Build | Town Center |
| 15:50 | Research | Fletching |
| 15:50 | Research | Padded Archer Armor |
| 15:56 | Research | Double-Bit Axe |
| 16:10 | Build | Farm |
| 16:36 | Build | Farm |
| 16:39 | Build | Farm |
| 16:41 | Create | Villager (Male) |
| 16:41 | Create | Villager (Male) |
| 16:51 | Build | Farm |
| 16:54 | Create | Villager (Male) |
| 16:58 | Create | Villager (Male) |
| 17:08 | Build | Farm |
| 17:11 | Build | Farm |
| 17:20 | Create | Villager (Male) |
| 17:24 | Build | Farm |
| 17:36 | Build | Farm |
| 17:40 | Create | Villager (Male) |
| 17:46 | Build | Farm |
| 17:54 | Create | Villager (Male) |
| 18:07 | Build | Farm |
| 18:09 | Create | Villager (Male) |
| 18:15 | Build | Farm |
| 18:28 | Build | Farm |
| 18:29 | Create | Villager (Male) |
| 18:34 | Create | Villager (Male) |
| 18:37 | Build | Farm |
| 18:56 | Create | Villager (Male) |
| 19:00 | Create | Villager (Male) |
| 19:07 | Build | Farm |
| 19:08 | Build | Farm |
| 19:19 | Create | Villager (Male) |
| 19:24 | Build | Farm |
| 19:30 | Create | Villager (Male) |
| 19:32 | Create | Villager (Male) |
| 19:51 | Build | Farm |
| 19:53 | Create | Villager (Male) |
| 19:55 | Create | Villager (Male) |
| 19:58 | Create | Villager (Male) |
| 20:01 | Build | Farm |
| 20:04 | Build | Farm |
| 20:27 | Build | Farm |
| 20:29 | Build | Farm |
| 20:31 | Create | Villager (Male) |
| 20:34 | Create | Villager (Male) |
| 20:34 | Create | Villager (Male) |
| 20:36 | Create | Villager (Male) |
| 20:42 | Build | House |
| 20:43 | Build | House |
| 20:54 | Research | Wheelbarrow |
| 21:00 | Create | Villager (Male) |
| 21:06 | Build | Farm |
| 21:09 | Build | Farm |
| 21:24 | Create | Villager (Male) |
| 21:26 | Create | Villager (Male) |
| 21:29 | Build | Farm |
| 21:32 | Research | Horse Collar |
| 21:44 | Create | Villager (Male) |
| 21:45 | Create | Villager (Male) |
| 21:58 | Create | Villager (Male) |
| 22:13 | Create | Villager (Male) |
| 22:19 | Build | Farm |
| 22:23 | Create | Villager (Male) |
| 22:23 | Create | Villager (Male) |
| 22:28 | Build | Farm |
| 22:39 | Create | Villager (Male) |
| 22:42 | Build | House |
| 22:43 | Build | House |
| 22:46 | Create | Villager (Male) |
| 22:48 | Build | House |
| 22:54 | Build | House |
| 22:57 | Build | House |
| 23:21 | Build | Farm |
| 23:23 | Build | Farm |
| 23:25 | Create | Villager (Male) |
| 23:25 | Create | Villager (Male) |
| 23:25 | Create | Villager (Male) |
| 23:26 | Create | Villager (Male) |
| 23:36 | Build | House |
| 23:36 | Build | House |
| 23:39 | Build | House |
| 23:40 | Build | House |
| 23:43 | Create | Villager (Male) |
| 23:43 | Create | Villager (Male) |
| 23:43 | Create | Villager (Male) |
| 23:47 | Build | Farm |
| 23:49 | Build | Farm |
| 24:01 | Build | Monastery |
| 24:05 | Build | Farm |
| 24:08 | Create | Villager (Male) |
| 24:09 | Create | Villager (Male) |
| 24:11 | Build | Lumber Camp |
| 24:15 | Create | Villager (Male) |
| 24:20 | Build | Farm |
| 24:26 | Build | Farm |
| 24:29 | Build | Farm |
| 24:37 | Build | House |
| 24:39 | Create | Monk |
| 24:43 | Create | Villager (Male) |
| 24:44 | Create | Villager (Male) |
| 24:59 | Build | Castle |
Build order — Twtis
First 150 of 411 actions detected
| 0:01 | Create | Villager (Male) |
| 0:01 | Create | Villager (Male) |
| 0:02 | Build | House |
| 0:04 | Build | House |
| 0:13 | Create | Villager (Male) |
| 0:13 | Create | Villager (Male) |
| 1:28 | Create | Villager (Male) |
| 1:29 | Create | Villager (Male) |
| 1:44 | Create | Villager (Male) |
| 1:49 | Build | Lumber Camp |
| 2:19 | Create | Villager (Male) |
| 2:19 | Create | Villager (Male) |
| 2:46 | Create | Villager (Male) |
| 2:46 | Create | Villager (Male) |
| 3:10 | Create | Villager (Male) |
| 3:10 | Create | Villager (Male) |
| 3:28 | Build | House |
| 3:30 | Build | House |
| 3:52 | Create | Villager (Male) |
| 3:52 | Create | Villager (Male) |
| 4:00 | Create | Villager (Male) |
| 4:00 | Create | Villager (Male) |
| 4:19 | Build | Mill |
| 4:26 | Create | Villager (Male) |
| 5:05 | Create | Villager (Male) |
| 5:05 | Create | Villager (Male) |
| 5:15 | Create | Villager (Male) |
| 5:52 | Create | Villager (Male) |
| 6:29 | Create | Villager (Male) |
| 6:30 | Create | Villager (Male) |
| 6:44 | Create | Villager (Male) |
| 6:55 | Create | Villager (Male) |
| 7:59 | Build | House |
| 8:07 | Build | Mining Camp |
| 8:09 | Research | Feudal Age |
| 8:35 | Create | Villager (Male) |
| 8:35 | Create | Villager (Male) |
| 8:40 | Create | Villager (Male) |
| 10:12 | Build | Farm |
| 10:13 | Build | Farm |
| 10:21 | Build | Farm |
| 10:25 | Build | Farm |
| 10:37 | Age | Feudal Age |
| 10:39 | Build | Market |
| 10:41 | Build | Blacksmith |
| 11:36 | Research | Castle Age |
| 11:55 | Research | Double-Bit Axe |
| 12:06 | Build | House |
| 12:16 | Research | Horse Collar |
| 12:49 | Build | Farm |
| 12:51 | Build | Farm |
| 12:52 | Create | Villager (Male) |
| 13:21 | Build | Farm |
| 13:24 | Build | Farm |
| 14:16 | Age | Castle Age |
| 14:29 | Build | Town Center |
| 14:46 | Build | Town Center |
| 14:54 | Create | Villager (Male) ×4 |
| 15:35 | Create | Villager (Male) |
| 15:41 | Research | Bow Saw |
| 15:56 | Create | Villager (Male) |
| 16:12 | Create | Villager (Male) |
| 16:15 | Build | House |
| 16:16 | Build | House |
| 16:18 | Build | House |
| 16:23 | Build | Farm |
| 16:25 | Build | Farm |
| 16:28 | Build | Farm |
| 16:37 | Create | Villager (Male) ×2 |
| 16:46 | Build | Farm |
| 16:58 | Build | Farm |
| 17:02 | Build | Farm |
| 17:04 | Build | Farm |
| 17:11 | Create | Villager (Male) ×2 |
| 17:15 | Build | Farm |
| 17:21 | Build | Farm |
| 17:23 | Build | Farm |
| 17:29 | Create | Villager (Male) |
| 17:29 | Create | Villager (Male) |
| 17:39 | Create | Villager (Male) |
| 17:39 | Create | Villager (Male) |
| 17:47 | Build | Farm |
| 17:49 | Build | House |
| 17:50 | Build | House |
| 17:53 | Create | Villager (Male) ×2 |
| 17:53 | Create | Villager (Male) ×2 |
| 17:58 | Build | Farm |
| 18:02 | Research | Loom |
| 18:31 | Create | Villager (Male) ×4 |
| 18:31 | Create | Villager (Male) ×4 |
| 18:46 | Build | Farm |
| 18:50 | Build | House |
| 18:51 | Build | House |
| 18:52 | Build | House |
| 18:56 | Build | Farm |
| 18:58 | Build | Farm |
| 19:00 | Create | Villager (Male) ×3 |
| 19:00 | Create | Villager (Male) ×4 |
| 19:00 | Create | Villager (Male) |
| 19:05 | Build | Farm |
| 19:06 | Build | Farm |
| 19:16 | Create | Villager (Male) |
| 19:25 | Build | Farm |
| 19:31 | Research | Heavy Plow |
| 19:47 | Create | Villager (Male) ×2 |
| 19:50 | Build | Farm |
| 19:53 | Build | Farm |
| 20:05 | Build | Farm |
| 20:07 | Create | Villager (Male) ×4 |
| 20:07 | Create | Villager (Male) ×4 |
| 20:20 | Build | Farm |
| 20:29 | Build | House |
| 20:34 | Create | Villager (Male) ×4 |
| 20:34 | Create | Villager (Male) ×4 |
| 20:49 | Build | Monastery |
| 21:02 | Build | University |
| 21:09 | Create | Villager (Male) ×5 |
| 21:39 | Build | Farm |
| 21:42 | Research | Gold Mining |
| 21:46 | Research | Stone Mining |
| 21:48 | Create | Villager (Male) ×4 |
| 21:55 | Build | Farm |
| 21:59 | Build | Farm |
| 22:02 | Build | Farm |
| 22:06 | Create | Villager (Male) |
| 22:18 | Create | Villager (Male) |
| 22:23 | Build | Farm |
| 22:36 | Create | Villager (Male) |
| 22:36 | Create | Villager (Male) |
| 22:44 | Create | Monk |
| 22:50 | Build | Siege Workshop |
| 22:55 | Create | Villager (Male) |
| 22:56 | Create | Villager (Male) |
| 22:56 | Create | Villager (Male) |
| 23:04 | Build | Farm |
| 23:07 | Build | Farm |
| 23:12 | Create | Villager (Male) |
| 23:12 | Create | Villager (Male) |
| 23:37 | Research | Wheelbarrow |
| 23:38 | Create | Villager (Male) |
| 23:39 | Create | Villager (Male) |
| 23:39 | Create | Villager (Male) |
| 23:47 | Create | Mangonel |
| 23:56 | Build | House |
| 24:01 | Build | House |
| 24:05 | Build | House |
| 24:13 | Create | Villager (Male) ×5 |
| 25:02 | Research | Imperial Age |
| 25:03 | Create | Villager (Male) |
| 25:14 | Build | Barracks |
Build order — Mr Bugle
First 150 of 369 actions detected
| 0:01 | Create | Villager (Male) |
| 0:02 | Create | Villager (Male) |
| 0:02 | Create | Villager (Male) |
| 0:02 | Create | Villager (Male) |
| 0:04 | Build | House |
| 0:06 | Build | House |
| 1:26 | Create | Villager (Male) |
| 1:26 | Create | Villager (Male) |
| 2:01 | Create | Villager (Male) |
| 2:01 | Create | Villager (Male) |
| 2:20 | Create | Villager (Male) |
| 2:20 | Create | Villager (Male) |
| 2:20 | Create | Villager (Male) |
| 3:07 | Research | Loom |
| 3:07 | Research | Loom |
| 3:22 | Create | Villager (Male) |
| 3:22 | Create | Villager (Male) |
| 3:22 | Create | Villager (Male) |
| 3:22 | Create | Villager (Male) |
| 4:24 | Build | House |
| 4:28 | Create | Villager (Male) |
| 4:28 | Create | Villager (Male) |
| 4:36 | Build | Mill |
| 4:43 | Create | Villager (Male) |
| 4:43 | Create | Villager (Male) |
| 4:44 | Create | Villager (Male) |
| 4:44 | Create | Villager (Male) |
| 4:44 | Create | Villager (Male) |
| 5:32 | Create | Villager (Male) |
| 5:32 | Create | Villager (Male) |
| 5:32 | Create | Villager (Male) |
| 5:51 | Build | Farm |
| 6:16 | Build | Farm |
| 6:23 | Create | Villager (Male) |
| 6:23 | Create | Villager (Male) |
| 6:23 | Create | Villager (Male) |
| 6:23 | Create | Villager (Male) |
| 6:23 | Create | Villager (Male) |
| 6:43 | Build | Farm |
| 6:50 | Create | Villager (Male) |
| 6:51 | Create | Villager (Male) |
| 7:15 | Create | Villager (Male) |
| 7:29 | Build | House |
| 7:38 | Create | Villager (Male) |
| 7:38 | Create | Villager (Male) |
| 7:39 | Create | Villager (Male) |
| 8:28 | Create | Villager (Male) |
| 8:53 | Build | Lumber Camp |
| 9:00 | Create | Villager (Male) |
| 9:00 | Create | Villager (Male) |
| 9:05 | Build | House |
| 9:38 | Create | Villager (Male) |
| 10:08 | Build | Mining Camp |
| 10:15 | Research | Feudal Age |
| 11:33 | Build | Barracks |
| 11:42 | Build | House |
| 12:10 | Create | Villager (Male) |
| 12:10 | Create | Villager (Male) |
| 12:25 | Age | Feudal Age |
| 12:27 | Research | Double-Bit Axe |
| 12:27 | Research | Double-Bit Axe |
| 12:56 | Build | Market |
| 13:24 | Create | Villager (Male) |
| 13:24 | Create | Villager (Male) |
| 13:33 | Build | Blacksmith |
| 13:38 | Research | Gold Mining |
| 13:56 | Build | Mill |
| 14:13 | Create | Villager (Male) |
| 14:13 | Create | Villager (Male) |
| 14:19 | Build | Mining Camp |
| 14:39 | Build | Archery Range |
| 14:45 | Create | Villager (Male) |
| 15:11 | Create | Villager (Male) |
| 15:21 | Build | Lumber Camp |
| 15:38 | Create | Archer |
| 15:39 | Create | Archer |
| 15:50 | Create | Archer |
| 15:52 | Create | Spearman |
| 15:58 | Build | House |
| 16:00 | Build | House |
| 16:09 | Create | Villager (Male) |
| 16:10 | Create | Villager (Male) |
| 16:16 | Create | Archer |
| 16:16 | Create | Archer |
| 16:37 | Research | Horse Collar |
| 16:47 | Create | Archer |
| 16:47 | Create | Archer |
| 17:10 | Create | Archer |
| 17:10 | Create | Archer |
| 17:14 | Create | Spearman |
| 17:14 | Create | Spearman |
| 17:35 | Create | Archer |
| 17:54 | Research | Fletching |
| 17:56 | Create | Spearman |
| 18:39 | Create | Archer |
| 18:41 | Create | Spearman |
| 18:41 | Create | Spearman |
| 19:07 | Create | Archer |
| 19:07 | Create | Archer |
| 19:14 | Create | Spearman |
| 19:27 | Research | Castle Age |
| 20:18 | Build | Farm |
| 20:19 | Build | Farm |
| 20:20 | Build | Farm |
| 20:35 | Build | Archery Range |
| 20:43 | Create | Spearman |
| 20:43 | Create | Spearman |
| 20:43 | Create | Spearman |
| 20:43 | Create | Spearman |
| 20:44 | Create | Spearman |
| 21:00 | Build | House |
| 21:07 | Research | Padded Archer Armor |
| 21:20 | Build | Building 487 |
| 21:27 | Build | Building 487 |
| 21:31 | Build | House |
| 21:34 | Build | House |
| 21:44 | Create | Archer |
| 21:44 | Create | Archer |
| 22:01 | Create | Archer |
| 22:01 | Create | Archer |
| 22:07 | Age | Castle Age |
| 22:34 | Build | Castle |
| 22:49 | Build | Castle |
| 22:57 | Build | House |
| 22:59 | Build | House |
| 22:59 | Build | House |
| 23:00 | Build | House |
| 23:02 | Build | House |
| 23:03 | Build | House |
| 23:04 | Build | House |
| 23:05 | Build | House |
| 23:06 | Build | House |
| 23:12 | Research | Crossbowman (upgrade) |
| 23:17 | Create | Archer |
| 23:17 | Create | Archer |
| 23:17 | Create | Archer |
| 23:18 | Create | Archer |
| 23:41 | Build | Lumber Camp |
| 23:55 | Research | Heavy Plow |
| 23:55 | Research | Heavy Plow |
| 24:13 | Create | Villager (Male) |
| 24:13 | Create | Villager (Male) |
| 24:40 | Create | Genoese Crossbowman |
| 24:40 | Create | Genoese Crossbowman |
| 24:40 | Create | Genoese Crossbowman |
| 24:41 | Create | Genoese Crossbowman |
| 24:59 | Build | Mining Camp |
| 25:10 | Research | Gold Mining |
| 25:23 | Build | Town Center |
| 25:38 | Build | Lumber Camp |
Build order — Jc
First 150 of 525 actions detected
| 0:01 | Create | Villager (Male) |
| 0:03 | Build | House |
| 0:05 | Build | House |
| 0:12 | Create | Villager (Male) |
| 0:12 | Create | Villager (Male) |
| 0:12 | Create | Villager (Male) |
| 1:26 | Create | Villager (Male) |
| 1:47 | Build | Lumber Camp |
| 1:58 | Create | Villager (Male) |
| 2:32 | Create | Villager (Male) |
| 3:00 | Create | Villager (Male) |
| 3:09 | Create | Villager (Male) |
| 3:37 | Create | Villager (Male) |
| 3:54 | Build | House |
| 4:00 | Create | Villager (Male) |
| 4:27 | Create | Villager (Male) |
| 4:39 | Create | Villager (Male) |
| 4:39 | Create | Villager (Male) |
| 4:55 | Create | Villager (Male) |
| 5:30 | Create | Villager (Male) |
| 5:34 | Build | House |
| 5:36 | Build | Mill |
| 5:50 | Build | Mill |
| 5:57 | Create | Villager (Male) |
| 6:15 | Build | Mill |
| 6:26 | Create | Villager (Male) |
| 7:06 | Create | Villager (Male) |
| 7:37 | Create | Villager (Male) |
| 7:58 | Research | Feudal Age |
| 8:06 | Build | Mining Camp |
| 8:39 | Build | House |
| 8:46 | Create | Villager (Male) |
| 9:04 | Create | Villager (Male) |
| 9:59 | Create | Villager (Male) |
| 9:59 | Create | Villager (Male) |
| 10:12 | Age | Feudal Age |
| 10:23 | Build | Market |
| 10:34 | Build | Mining Camp |
| 11:12 | Build | Blacksmith |
| 11:39 | Create | Villager (Male) |
| 11:49 | Build | House |
| 11:58 | Build | House |
| 12:00 | Create | Villager (Male) |
| 12:45 | Create | Villager (Male) |
| 12:59 | Create | Villager (Male) |
| 13:21 | Build | Farm |
| 13:26 | Research | Loom |
| 13:55 | Research | Castle Age |
| 13:56 | Research | Castle Age |
| 14:08 | Build | Farm |
| 14:18 | Build | Farm |
| 14:18 | Build | Farm |
| 14:18 | Build | Farm |
| 14:19 | Build | Farm |
| 14:19 | Build | Farm |
| 14:19 | Build | Farm |
| 14:21 | Build | Farm |
| 14:21 | Build | Farm |
| 14:21 | Build | Farm |
| 14:22 | Build | Farm |
| 14:22 | Build | Farm |
| 14:22 | Build | Farm |
| 14:22 | Build | Farm |
| 14:23 | Build | Farm |
| 14:23 | Build | Farm |
| 14:23 | Build | Farm |
| 14:24 | Build | Farm |
| 14:24 | Build | Farm |
| 14:24 | Build | Farm |
| 14:24 | Build | Farm |
| 14:25 | Build | Farm |
| 14:25 | Build | Farm |
| 14:25 | Build | Farm |
| 14:39 | Research | Double-Bit Axe |
| 15:42 | Research | Horse Collar |
| 15:50 | Build | Farm |
| 15:52 | Build | Farm |
| 16:09 | Create | Villager (Male) |
| 16:14 | Create | Villager (Male) |
| 16:41 | Age | Castle Age |
| 16:52 | Build | Castle |
| 17:08 | Create | Villager (Male) |
| 17:19 | Research | Bow Saw |
| 17:32 | Build | Siege Workshop |
| 17:48 | Build | House |
| 17:50 | Build | House |
| 17:57 | Research | Fletching |
| 18:05 | Create | Villager (Male) |
| 18:25 | Build | House |
| 18:27 | Create | Mangonel |
| 18:36 | Create | Villager (Male) |
| 18:37 | Create | Villager (Male) |
| 18:49 | Create | Villager (Male) |
| 18:52 | Build | House |
| 18:53 | Build | House |
| 18:54 | Build | House |
| 19:13 | Create | Mangonel |
| 19:31 | Create | Villager (Male) |
| 19:48 | Create | Villager (Male) |
| 19:57 | Build | House |
| 19:58 | Build | House |
| 20:01 | Build | House |
| 20:03 | Create | Villager (Male) |
| 20:11 | Create | Villager (Male) |
| 20:20 | Build | Town Center |
| 20:42 | Build | House |
| 20:44 | Build | House |
| 20:45 | Build | House |
| 20:46 | Build | House |
| 21:18 | Build | House |
| 21:19 | Build | House |
| 21:26 | Create | Villager (Male) |
| 21:39 | Build | Mill |
| 21:42 | Create | Villager (Male) |
| 21:42 | Create | Villager (Male) |
| 21:48 | Build | Farm |
| 21:48 | Build | Farm |
| 21:48 | Build | Farm |
| 21:48 | Build | Farm |
| 21:49 | Build | Farm |
| 21:50 | Build | Farm |
| 22:03 | Create | Villager (Male) |
| 22:05 | Create | Villager (Male) |
| 22:11 | Create | Villager (Male) |
| 22:39 | Create | Villager (Male) |
| 22:40 | Create | Villager (Male) |
| 23:08 | Build | Lumber Camp |
| 23:13 | Create | Villager (Male) |
| 23:14 | Create | Villager (Male) |
| 23:20 | Create | Villager (Male) |
| 23:39 | Build | Farm |
| 23:39 | Build | Farm |
| 23:41 | Create | Villager (Male) |
| 23:48 | Build | Castle |
| 23:55 | Create | Villager (Male) |
| 24:05 | Create | Villager (Male) |
| 24:26 | Build | Farm |
| 24:26 | Build | Farm |
| 24:26 | Build | Farm |
| 24:26 | Build | Farm |
| 24:27 | Build | Farm |
| 24:28 | Build | Farm |
| 24:28 | Build | Farm |
| 24:29 | Build | Farm |
| 24:36 | Create | Villager (Male) |
| 24:37 | Create | Villager (Male) |
| 24:39 | Create | Villager (Male) |
| 24:52 | Create | Villager (Male) |
| 24:58 | Build | Farm |
| 25:15 | Create | Villager (Male) |
Match timeline
| 10:12 | Jc · age_up feudal |
| 10:13 | HorkTheLegend · age_up feudal |
| 10:37 | Twtis · age_up feudal |
| 11:03 | KillerTomate · age_up feudal |
| 11:11 | Oatmeal_Helmet · age_up feudal |
| 11:24 | Crackhörnchen · age_up feudal |
| 11:32 | Twtis · first_market_sell 100 wood |
| 11:33 | Mr Bugle · first_building Barracks |
| 11:33 | Twtis · first_market_buy 100 food |
| 11:37 | SheepofLegend · age_up feudal |
| 12:25 | Mr Bugle · age_up feudal |
| 14:16 | Twtis · age_up castle |
| 14:23 | SheepofLegend · first_market_sell 100 wood |
| 14:26 | SheepofLegend · first_market_buy 100 food |
| 14:32 | Crackhörnchen · first_building Barracks |
| 14:39 | Mr Bugle · first_building Archery Range |
| 15:14 | HorkTheLegend · age_up castle |
| 15:19 | SheepofLegend · first_building Barracks |
| 15:34 | HorkTheLegend · first_building Castle |
| 15:35 | Oatmeal_Helmet · age_up castle |
| 15:41 | KillerTomate · age_up castle |
| 16:34 | Oatmeal_Helmet · first_market_buy 100 wood |
| 16:41 | Jc · age_up castle |
| 16:50 | SheepofLegend · first_building Stable |
| 16:51 | KillerTomate · first_building Castle |
| 16:52 | Jc · first_building Castle |
| 17:01 | Crackhörnchen · age_up castle |
| 17:17 | SheepofLegend · age_up castle |
| 17:32 | Jc · first_building Siege Workshop |
| 17:55 | KillerTomate · wall_segment Palisade Wall x1 |
| 17:57 | KillerTomate · wall_segment Palisade Wall x1 |
| 19:20 | Mr Bugle · first_market_sell 100 stone |
| 19:21 | Mr Bugle · first_market_buy 100 food |
| 20:04 | HorkTheLegend · first_building Monastery |
| 20:09 | HorkTheLegend · first_building Siege Workshop |
| 20:49 | Twtis · first_building Monastery |
| 20:55 | KillerTomate · first_building Barracks |
| 22:07 | Mr Bugle · age_up castle |
| 22:25 | KillerTomate · first_building Stable |
| 22:34 | Mr Bugle · first_building Castle |
| 22:50 | Twtis · first_building Siege Workshop |
| 24:01 | Oatmeal_Helmet · first_building Monastery |
| 24:59 | Oatmeal_Helmet · first_building Castle |
| 25:00 | Crackhörnchen · first_building Monastery |
| 25:09 | SheepofLegend · first_building Monastery |
| 25:14 | Twtis · first_building Barracks |
| 25:16 | HorkTheLegend · first_market_sell 100 stone |
| 25:19 | HorkTheLegend · first_market_buy 100 food |
| 25:39 | Jc · first_market_sell 100 wood |
| 25:42 | Jc · first_market_buy 100 food |
| 26:19 | Twtis · first_building Castle |
| 26:33 | Oatmeal_Helmet · first_building Barracks |
| 26:35 | HorkTheLegend · first_building Barracks |
| 27:40 | Oatmeal_Helmet · first_building Stable |
| 28:17 | Twtis · age_up imperial |
| 28:30 | HorkTheLegend · first_building Archery Range |
| 29:04 | SheepofLegend · age_up imperial |
| 29:27 | Oatmeal_Helmet · age_up imperial |
| 29:28 | HorkTheLegend · age_up imperial |
| 29:28 | Jc · first_building Barracks |
| 29:36 | Jc · age_up imperial |
| 29:55 | Oatmeal_Helmet · first_building Siege Workshop |
| 30:15 | Jc · first_building Stable |
| 30:29 | Crackhörnchen · age_up imperial |
| 30:58 | SheepofLegend · first_building Castle |
| 32:11 | Crackhörnchen · wall_segment Stone Wall x1 |
| 34:58 | Jc · first_building Archery Range |
| 35:24 | Oatmeal_Helmet · first_building Archery Range |
| 36:05 | KillerTomate · age_up imperial |
| 36:31 | Crackhörnchen · first_building Castle |
| 39:00 | Mr Bugle · first_building Siege Workshop |
| 39:26 | Mr Bugle · age_up imperial |
| 39:30 | Twtis · wall_segment Stone Wall x2 |
| 40:41 | KillerTomate · first_building Archery Range |
| 41:51 | Crackhörnchen · first_building Archery Range |
| 45:35 | Jc · resign |
| 46:57 | SheepofLegend · first_building Siege Workshop |
[ AI ANALYSIS · 1 CREDIT ]
What really happened in this match?
Wolo.gg analyzes every decision: build order, eco, micro, common mistakes by bracket. Personalized analysis on WhatsApp or Discord in 30 seconds.
Civ guide
Bohemians
Map guide
Arena
Perfil
HorkTheLegend